 Dungeon Sprint DCSS version 0.29.1-14-g9c671dbff4 (webtiles) character file.

Game seed: 1021455445456756359

39 Groucho the Digger (level 3, -6/19 HPs)
             Began as a Deep Elf Earth Elementalist on Feb 12, 2023.
             Was a Believer of Vehumet.
             Mangled by a gnoll sergeant
             ... wielding a +4 vampiric trident
              (14 damage)
             ... in the Dungeon (Sprint VII: "The Pits").
             The game lasted 00:03:33 (1320 turns).

Groucho the Digger (Deep Elf Earth Elementalist)    Turns: 1320, Time: 00:03:33

Health: -6/19      AC:  2    Str:  5    XL:     3   Next: 26%
Magic:  7/11       EV: 14    Int: 21    God:    Vehumet [**....]
Gold:   0          SH:  0    Dex: 15    Spells: 5/12 levels left

rFire   . . .      SeeInvis .   m - +4 quarterstaff (speed)
rCold   . . .      Faith    .   (shield currently unavailable)
rNeg    . . .      Spirit   .   a - +0 robe
rPois   .          Reflect  .   (no helmet)
rElec   .          Harm     .   (no cloak)
rCorr   .          Rampage  .   (no gloves)
Will    .....      NoTele   +   (no boots)
Stlth   ++........              (no amulet)
HPRegen 0.06/turn               (no ring)
MPRegen 0.12/turn               (no ring)

@: no status effects
A: no striking features
a: Renounce Religion


You were in the Dungeon.
You worshipped Vehumet.
Vehumet was pleased with you.
You visited 1 branch

Inventory:

Hand Weapons
 m - a +4 quarterstaff of speed (weapon)
Missiles
 j - 12 stones
Armour
 a - a +0 robe (worn)
Scrolls
 k - 5 scrolls of amnesia
 l - a scroll of summoning
Potions
 b - 5 potions of magic
 c - 6 potions of curing
 d - 6 potions of heal wounds
 e - a potion of haste
 f - 3 potions of berserk rage
 i - 2 potions of invisibility


   Skills:
 + Level 4.4 Dodging
 - Level 2.4 Stealth
 + Level 5.0 Spellcasting
 * Level 1.0 Conjurations
 - Level 1.1 Transmutations
 + Level 0.7 Fire Magic
 * Level 5.9 Earth Magic


You had 5 spell levels left.
You knew the following spells:

 Your Spells              Type           Power      Damage    Failure   Level
a - Sandblast             Erth           60%        2d14      1%          1
b - Foxfire               Conj/Fire      36%        2x1d5     8%          1
c - Stone Arrow           Conj/Erth      40%        3d9       8%          3
d - Searing Ray           Conj           18%        2d5       11%         2

Your spell library contained the following spells:

 Spells                   Type           Power      Damage    Failure   Level
 Scorch                   Fire           16%        2d6       12%         2
 Passwall                 Tmut/Erth      16%        N/A       3%          2
 Petrify                  Tmut/Erth      20%        N/A       26%         4


Dungeon Overview and Level Annotations

Branches:
Dungeon (1/1)

Altars:
Ashenzari
Cheibriados
Dithmenos
Elyvilon
Fedhas
Gozag
Hepliaklqana
Kikubaaqudgha
Makhleb
Nemelex Xobeh
Okawaru
Qazlal
Ru
Sif Muna
Trog
Uskayaw
Vehumet
Wu Jian
Xom
Yredelemnul
Zin
The Shining One
Jiyva
Lugonu


Message History

A gnoll sergeant is nearby!
A gnoll sergeant is nearby!
A gnoll sergeant is nearby!
Casting: Sandblast (safe; 1% risk of failure)
Confirm with . or Enter, or press ? or * to list all spells.
Aiming: Sandblast (safe; 1% risk of failure)
Press: ? - help, Shift-Dir - straight line, f - gnoll sergeant
Aim: a gnoll sergeant, wielding a +4 vampiric trident and wearing a +0 ring mail (wandering, hasn't noticed you, 88% to hit)
The blast of sand hits the gnoll sergeant but does no damage.
The gnoll sergeant shouts!
The gnoll sergeant misses you.
Unknown command.
Unknown command.
Casting: Sandblast (safe; 1% risk of failure)
Confirm with . or Enter, or press ? or * to list all spells.
Aiming: Sandblast (safe; 1% risk of failure)
Press: ? - help, Shift-Dir - straight line, f/p - gnoll sergeant
Aim: a gnoll sergeant, wielding a +4 vampiric trident and wearing a +0 ring mail (88% to hit)
The blast of sand misses the gnoll sergeant.
The gnoll shouts!
The gnoll sergeant barely misses you.
Casting: Sandblast (safe; 1% risk of failure)
Confirm with . or Enter, or press ? or * to list all spells.
Aiming: Sandblast (safe; 1% risk of failure)
Press: ? - help, Shift-Dir - straight line, f/p - gnoll sergeant
Aim: a gnoll sergeant, wielding a +4 vampiric trident and wearing a +0 ring mail (88% to hit)
The blast of sand hits the gnoll sergeant but does no damage.
The gnoll sergeant hits you from afar with a +4 vampiric trident.
The gnoll sergeant closely misses you.
Unknown command.
Casting: Sandblast (safe; 1% risk of failure)
Confirm with . or Enter, or press ? or * to list all spells.
Aiming: Sandblast (safe; 1% risk of failure)
Press: ? - help, Shift-Dir - straight line, f/p - gnoll sergeant
Aim: a gnoll sergeant, wielding a +4 vampiric trident and wearing a +0 ring mail (88% to hit)
The blast of sand hits the gnoll!
The gnoll is severely wounded.
The gnoll sergeant hits you from afar with a +4 vampiric trident!
Ouch! That really hurt!
You die...

#_______...###########++
##########'##...........
#.?..')))'.##......#..#
##########.##..........
#.g)gg......+...........
#'#####)#####......#..#.
#.#..#..#[[##...........
#g#..'..#))#####g#####+
#g#).####))##@.g....#
#.#..#.)#))##g......#
#r#..#..#..##.......#
#.##'#..#'###...<...#
#.#..).....##.......#
#.#....รท...##.......#
#'###########.......#
#.r ######### #...


You could see a gnoll sergeant and 2 gnolls.

Vanquished Creatures
  A gnoll (D)
  2 river rats (D)
  A bat (D)
  2 goblins (D)
  2 hobgoblins (D)
  A quokka (D)
  2 kobolds (D)
11 creatures vanquished.

Vanquished Creatures (others)
  2 foxfires (D)
2 creatures vanquished.

Grand Total: 13 creatures vanquished

Notes
Turn   | Place    | Note
-------+----------+-------------------------------------------
     0 | D        | Groucho the Deep Elf Earth Elementalist began the quest for
                  | the Orb.
     0 | D        | Reached XP level 1. HP: 10/10 MP: 6/6
    36 | D        | Found a bloodstained altar of Trog.
    36 | D        | Found a shimmering blue altar of Sif Muna.
    36 | D        | Found a viscous altar of Jiyva.
    36 | D        | Found a hazy altar of Hepliaklqana.
    36 | D        | Found an opulent altar of Gozag.
    37 | D        | Found a glowing golden altar of the Shining One.
    37 | D        | Found a glowing silver altar of Zin.
    37 | D        | Found a basalt altar of Yredelemnul.
    37 | D        | Found a shimmering altar of Xom.
    37 | D        | Found an ornate altar of the Wu Jian Council.
    37 | D        | Found a sacrificial altar of Ru.
    37 | D        | Found a stormy altar of Qazlal.
    37 | D        | Found an iron altar of Okawaru.
    37 | D        | Found a sparkling altar of Nemelex Xobeh.
    37 | D        | Found a burning altar of Makhleb.
    37 | D        | Found a blossoming altar of Fedhas.
    37 | D        | Found a white marble altar of Elyvilon.
    37 | D        | Found a shadowy altar of Dithmenos.
    37 | D        | Found a snail-covered altar of Cheibriados.
    39 | D        | Found a radiant altar of Vehumet.
    39 | D        | Found a corrupted altar of Lugonu.
    40 | D        | Found a hide-covered altar of Uskayaw.
    40 | D        | Found an ancient bone altar of Kikubaaqudgha.
    40 | D        | Found a broken altar of Ashenzari.
    47 | D        | Became a worshipper of Vehumet
   294 | D        | Reached * piety under Vehumet
   294 | D        | Offered knowledge of Foxfire by Vehumet.
   495 | D        | Learned a level 1 spell: Foxfire
   854 | D        | Offered knowledge of Searing Ray by Vehumet.
   855 | D        | Reached skill level 5 in Earth Magic
   855 | D        | Reached XP level 2. HP: 15/15 MP: 9/9
   857 | D        | Reached ** piety under Vehumet
   868 | D        | Reached XP level 3. HP: 19/19 MP: 9/11
  1140 | D        | Learned a level 3 spell: Stone Arrow
  1204 | D        | Learned a level 2 spell: Searing Ray
  1212 | D        | Noticed a gnoll sergeant
  1224 | D        | Offered knowledge of Scorch by Vehumet.
  1225 | D        | Reached skill level 5 in Spellcasting
  1225 | D        | Reached skill level 1 in Conjurations
  1320 | D        | Mangled by a gnoll sergeant

Illustrated notes

Levels and vault maps discovered:
D:        pitsprint [storerooms_1, entrance_room_1, metal_vault_3, armoury_1,
          mini_pit_1, grid_room_1, main_hall_1, silver_pit, the_coven_3,
          the_vestibule_1, steel_vault_5, golden_pit, hallway_of_sentries,
          crystal_vault_4, iron_vault_2, final_vault]

Skill      XL: |  1  2  3 |
---------------+----------+-----
Dodging        | 3 4 |  4.4
Earth Magic    | 5 |  5.9
Spellcasting   | 4 5 |  5.0
Conjurations   | 1 |  1.0
Stealth        | |  2.4
Transmutations | |  1.1
Fire Magic     | |  0.7

Action                   || total
-------------------------++-------
 Cast: Sandblast         ||    21
       Foxfire           ||     2
  Use: Scroll            ||     1
Armor: Robe              ||     1
Dodge: Dodged            ||     6
